Map: Polka LE

Players

Massa - Winner!

  • Race: Terran Terran
  • League: Platinum

qqq - Winner!

  • Race: Zerg Zerg

Cylon

  • Race: Zerg Zerg

Lepoilu

  • Race: Terran Terran

VOD

Have the link to the VOD?

Description

Time

  • Played on: April 12, 2021, 3:49 p.m.
  • Length: 13:18
Show
View Real Time Build Order
Export as new Build Order

Massa Terran - Winner!

Build Orders: 1/1/1, Banshee Rush 

Get SALT Encoding   

  12  0:00  SCV  
  13  0:12  SCV  
  14  0:24  SCV, Supply Depot  
  15  0:31  Refinery  
  15  0:45  SCV  
  15  0:46  Barracks  
  16  0:58  SCV  
  16  1:01  Refinery  
  17  1:10  SCV  
  18  1:22  SCV  
  19  1:34  SCV, Supply Depot  
  19  1:36  Reaper  
  21  1:40  Factory  
  21  1:51  Orbital Command  
  21  2:18  SCV  
  22  2:24  Hellion  
  22  2:26  Starport  
  24  2:34  SCV  
  25  2:38  Starport  
  25  2:39  Barracks Tech Lab  
  25  2:45  Factory Tech Lab  
  25  3:03  SCV  
  26  3:07  Command Center  
  26  3:09  Marine  
  27  3:16  Banshee  
  30  3:36  Supply Depot  
  30  3:37  Cloaking Field  
  30  3:53  SCV  
  31  3:57  Banshee  
  34  4:07  Banshee  
  34  4:27  Hellion  
  34  4:39  Orbital Command  
  34  4:40  Banshee  
  30  4:49  Hellion  
  31  4:56  Engineering Bay  
  21  5:10  Hellion, Marine  
  21  5:12  Banshee  
  27  5:18  Orbital Command  
  27  5:19  SCV  
  16  6:41  Marine  
  16  6:43  SCV, Hellion  
  20  7:02  Medivac  
  20  7:04  Hellion  
  20  7:05  SCV  
  22  7:47  Medivac  
  24  7:52  SCV x2  
  26  8:04  SCV x2  
  26  8:05  Hellion  
  30  8:06  Barracks Tech Lab  
  30  8:14  Barracks  
  30  8:15  Command Center  
  30  8:16  SCV x2  
  32  8:24  Stimpack  
  32  8:26  Hellion  
  34  8:28  SCV x2  
  36  8:40  SCV  
  31  9:05  Marauder  
  31  9:07  Medivac x2  
  35  9:10  SCV x2  
  37  9:22  SCV x2  
  39  9:26  Factory Tech Lab, Marine  
  38  9:34  SCV x2  
  40  9:44  Marine  
  40  9:45  Terran Infantry Weapons Level 1  
  41  9:49  Barracks Reactor  
  41  9:58  Barracks  
  41  10:01  SCV x2, Barracks  
  41  10:02  Marine  
  41  10:03  SCV  
  41  10:04  Combat Shield  
  45  10:13  SCV x2  
  47  10:18  Siege Tank  
  50  10:22  Marauder  
  52  10:33  SCV x3  
  55  10:36  Marine  
  55  10:38  Marine  
  57  10:42  Marine  
  57  10:44  Marine  
  57  10:45  SCV x3  
  62  10:54  Marine  
  62  10:56  Marine  
  64  10:57  SCV x2  
  64  11:00  Marine  
  64  11:02  Marine  
  64  11:03  Barracks Reactor  
  68  11:20  SCV, Supply Depot  
  68  11:21  Supply Depot x2  
  68  11:23  Supply Depot  
  68  11:24  Supply Depot  
  69  11:35  Missile Turret  
  69  11:42  SCV x2, Raven, Liberator  
  76  11:47  Missile Turret  
  59  12:46  Marauder  
  59  12:47  Barracks Tech Lab, Marine x4  
  66  13:09  Armory  
  66  13:12  Engineering Bay  
Show
View Real Time Build Order
Export as new Build Order

qqq Zerg - Winner!

Build Orders: Hatch First, Lurkers 

Get SALT Encoding   

  12  0:02  Drone  
  13  0:08  Drone  
  14  0:17  Overlord  
  14  0:47  Hatchery  
  13  0:51  Drone  
  13  0:53  Drone  
  15  0:59  Drone  
  16  1:38  Spawning Pool  
  16  1:39  Extractor  
  14  1:44  Drone  
  14  1:45  Drone  
  16  1:49  Drone  
  16  2:05  Drone x2  
  16  2:06  Hatchery, Drone  
  18  2:11  Drone  
  19  2:21  Drone  
  20  2:24  Drone  
  20  2:26  Queen  
  23  2:35  Queen  
  25  2:44  Metabolic Boost  
  25  2:47  Drone  
  25  2:48  Drone  
  25  2:51  Drone  
  28  2:57  Overlord  
  28  3:08  Overlord  
  28  3:10  Overlord  
  28  3:16  Evolution Chamber  
  27  3:24  Drone x3  
  27  3:25  Zergling x2  
  31  3:27  Zergling x2  
  31  3:30  Zergling x2  
  33  3:37  Lair  
  33  3:39  Drone  
  34  3:41  Zergling x2  
  34  3:44  Zergling x2  
  34  3:48  Zergling x2  
  37  3:51  Zergling x2  
  37  3:52  Zergling x2  
  39  3:59  Zerg Melee Weapons Level 1  
  39  4:03  Queen  
  39  4:07  Zergling x4  
  43  4:14  Zergling x4  
  43  4:15  Zergling x2  
  46  4:19  Zergling x4  
  46  4:20  Zergling x2  
  48  4:24  Zergling x2  
  48  4:25  Zergling x2  
  48  4:30  Zergling x4  
  48  4:31  Zergling x2  
  47  4:39  Zergling x2  
  47  4:40  Zergling x6  
  49  4:46  Zergling x6  
  49  4:50  Zergling x2  
  49  4:51  Zergling x2  
  54  4:59  Zergling x4  
  56  5:05  Zergling x4  
  49  5:07  Zergling x2  
  49  5:08  Zergling x6  
  49  5:13  Zergling x4  
  45  5:17  Zergling x2  
  41  5:22  Zergling x4  
  41  5:26  Zergling x2  
  41  5:27  Zergling x2  
  39  5:33  Zergling x2  
  38  5:37  Zergling x6  
  38  5:39  Drone  
  41  5:48  Zergling x6  
  44  5:50  Drone  
  44  5:51  Drone  
  46  6:02  Zergling x2  
  46  6:03  Drone x2, Zergling x2  
  48  6:04  Zergling x2  
  48  6:20  Drone x5  
  53  6:31  Drone x2  
  53  6:32  Drone x3, Hydralisk Den  
  57  6:42  Overlord  
  57  6:54  Zerg Ground Armor Level 1  
  57  7:00  Queen  
  59  7:06  Drone x2, Hydralisk x2  
  59  7:07  Overlord  
  65  7:13  Extractor x2  
  65  7:15  Extractor, Drone x3  
  65  7:24  Overlord  
  65  7:27  Overlord x2  
  65  7:36  Muscular Augments  
  65  7:38  Drone x5  
  65  7:39  Drone x3  
  65  7:43  Drone x3  
  76  7:52  Drone x3  
  76  7:53  Drone  
  76  7:55  Drone  
  81  7:58  Drone  
  81  7:59  Drone  
  83  8:19  Hydralisk  
  83  8:20  Hydralisk  
  87  8:29  Hatchery, Lurker Den, Overseer  
  87  8:31  Hydralisk x2  
  87  8:33  Hydralisk  
  91  8:35  Overlord  
  91  8:37  Overlord  
  91  8:39  Hydralisk  
  93  8:44  Baneling Nest  
  92  8:51  Extractor  
  92  8:52  Extractor, Zerg Missile Weapons Level 1  
  90  9:01  Infestation Pit  
  89  9:09  Evolution Chamber  
  80  9:23  Hydralisk x2  
  80  9:24  Hydralisk x5  
  85  9:34  Drone x3  
  85  9:35  Drone x3  
  90  9:45  Drone x2, Hydralisk  
  90  9:46  Drone x2, Hydralisk  
  90  9:49  Queen  
  99  9:56  Hive  
  99  9:58  Spine Crawler  
  98  10:01  Spine Crawler  
  97  10:07  Lurker x2  
  97  10:10  Drone x3  
  97  10:11  Drone, Zergling x4  
  97  10:12  Zergling x2  
  106  10:14  Zergling x4  
  108  10:24  Baneling x6  
  108  10:40  Extractor, Queen  
  108  10:42  Queen  
  109  10:44  Drone x3  
  114  10:50  Drone x2  
  114  10:51  Hydralisk x2  
  114  10:56  Overlord x5  
  114  10:57  Overlord x2  
  120  11:02  Overlord x2  
  119  11:17  Hydralisk x3  
  119  11:18  Zergling x6  
  125  11:22  Lurker x5  
  125  11:24  Hydralisk  
  125  11:25  Hydralisk  
  135  11:26  Zergling x2  
  135  11:30  Drone x2  
  137  11:51  Hydralisk x2  
  137  11:52  Hydralisk x2  
  137  11:53  Zergling x12  
  137  11:54  Zergling x2  
  149  11:56  Hydralisk x4  
  146  12:04  Hydralisk x3  
  146  12:08  Hydralisk x2  
  150  12:22  Hydralisk x5  
  152  12:25  Drone x3  
  157  12:47  Hydralisk x5  
  157  12:48  Hydralisk x3  
Show
View Real Time Build Order
Export as new Build Order

Cylon Zerg 

Build Orders: Hatch First, Muta Ling Bane 

Get SALT Encoding   

  12  0:02  Drone  
  13  0:17  Drone  
  14  0:30  Overlord  
  14  0:34  Extractor  
  13  0:36  Extractor, Drone x2  
  16  0:48  Drone  
  17  0:54  Drone  
  18  1:02  Drone  
  19  1:08  Hatchery  
  19  1:10  Extractor  
  17  1:14  Drone  
  18  1:24  Spawning Pool  
  17  1:31  Drone  
  18  1:37  Drone  
  19  1:46  Overlord  
  19  1:58  Overlord  
  19  2:11  Queen  
  19  2:13  Metabolic Boost  
  21  2:24  Queen  
  21  2:26  Zergling x4  
  21  2:27  Zergling x2  
  26  2:33  Zergling x4  
  28  2:43  Zergling x4  
  30  2:53  Zergling x4  
  32  3:00  Zergling x2  
  32  3:05  Zergling x2  
  34  3:11  Overlord  
  34  3:18  Zergling x2  
  35  3:24  Zergling x2  
  35  3:25  Zergling x6  
  39  3:35  Zergling x4  
  39  3:37  Zergling x6  
  39  3:38  Zergling x2  
  45  3:52  Spore Crawler  
  45  3:55  Zergling x4, Spore Crawler  
  45  4:06  Drone x3  
  45  4:07  Drone  
  49  4:11  Lair  
  49  4:14  Zergling x4  
  48  4:24  Zergling x4  
  48  4:25  Zergling x2  
  49  4:38  Zergling x4  
  51  4:39  Overlord  
  51  4:40  Overlord  
  50  4:53  Overlord  
  50  4:54  Overlord  
  48  5:03  Zergling x6  
  47  5:08  Zergling x2  
  47  5:11  Spore Crawler  
  36  5:14  Spore Crawler  
  36  5:15  Zergling x2  
  36  5:16  Zergling x2  
  36  5:21  Zergling x2  
  31  5:48  Spore Crawler  
  30  5:50  Overseer  
  30  5:51  Queen  
  30  5:52  Drone x3  
  35  6:15  Drone x3  
  35  6:16  Drone x6  
  40  6:21  Drone  
  40  6:22  Drone  
  41  6:29  Zergling x2  
  39  6:36  Zergling x4  
  39  6:37  Zergling x4  
  43  6:47  Zergling x4  
  43  6:48  Zergling x2  
  46  6:56  Extractor  
  46  6:58  Baneling Nest  
  44  7:03  Drone x3, Overlord  
  47  7:24  Extractor  
  47  7:29  Spine Crawler  
  45  7:38  Drone x2  
  45  7:40  Drone x5  
  45  7:41  Drone, Overlord  
  53  7:45  Baneling  
  53  7:46  Baneling x5  
  53  7:48  Centrifical Hooks  
  53  7:58  Extractor  
  52  7:59  Queen  
  52  8:01  Overseer  
  52  8:04  Pneumatized Carapace  
  54  8:06  Overseer  
  54  8:25  Spire  
  54  8:26  Spore Crawler  
  52  8:33  Drone  
  52  8:34  Drone, Overlord  
  54  8:36  Zergling x4  
  56  8:53  Zergling x4  
  56  8:54  Zergling x6  
  55  9:11  Overlord  
  55  9:17  Drone x2  
  55  9:18  Overlord  
  55  9:21  Zergling x4  
  55  9:23  Baneling  
  59  9:24  Zergling x2  
  60  9:37  Baneling x3  
  60  9:38  Baneling x4  
  60  9:39  Baneling, Mutalisk x4  
  60  9:40  Mutalisk x3  
  74  10:00  Mutalisk, Zerg Flyer Weapons Level 1  
  76  10:11  Hatchery  
  75  10:18  Mutalisk x2  
  79  10:29  Overlord  
  79  10:30  Mutalisk  
  81  10:43  Mutalisk  
  81  10:44  Mutalisk  
  85  10:54  Mutalisk  
  85  10:56  Zergling x4  
  89  10:57  Zergling x2, Overlord x2  
  82  11:20  Baneling  
  82  11:21  Baneling x4  
  82  11:24  Queen  
  82  11:25  Drone  
  85  11:38  Zergling x2  
  85  11:39  Zergling x2  
  86  11:45  Mutalisk x2  
  86  11:46  Mutalisk  
  91  11:49  Mutalisk  
  91  11:50  Mutalisk, Zergling x2  
  91  11:51  Zergling x6  
  90  11:55  Zergling x6  
  90  11:56  Mutalisk  
  60  12:08  Mutalisk  
  60  12:10  Zergling x8  
  58  12:17  Mutalisk  
  58  12:22  Overseer  
  60  12:29  Zergling x4  
  63  12:30  Zergling x2  
  58  12:46  Mutalisk  
  58  12:47  Mutalisk, Zergling x2  
  64  12:58  Overlord  
  47  13:01  Zergling x2  
  47  13:03  Baneling x3  
  47  13:04  Baneling  
Show
View Real Time Build Order
Export as new Build Order

Lepoilu Terran 

Build Orders:  

Get SALT Encoding   

  12  0:00  SCV  
  13  0:12  SCV  
  14  0:18  Supply Depot  
  14  0:25  SCV  
  15  0:31  Refinery  
  15  0:48  SCV  
  16  0:53  Barracks  
  16  1:00  SCV  
  17  1:08  Refinery  
  16  1:12  SCV  
  17  1:24  SCV  
  18  1:28  Barracks  
  17  1:36  SCV  
  18  1:49  SCV  
  19  2:03  SCV  
  19  2:04  Engineering Bay  
  20  2:24  Barracks Tech Lab, Orbital Command  
  20  2:40  Barracks Reactor, Supply Depot  
  20  2:46  Supply Depot  
  20  2:49  Stimpack  
  20  2:52  SCV  
  21  3:01  Marauder  
  21  3:05  SCV  
  24  3:15  Factory  
  24  3:23  Supply Depot  
  24  3:27  Marine  
  24  3:28  Marine  
  24  3:32  SCV  
  27  3:38  Missile Turret  
  27  3:44  SCV  
  27  3:47  Marine  
  27  3:48  Marine  
  30  3:57  SCV  
  30  4:02  Starport  
  31  4:06  Widow Mine  
  31  4:09  SCV  
  34  4:16  Supply Depot  
  34  4:20  Marine  
  34  4:21  Marine  
  36  4:39  Starport Reactor  
  36  4:41  Widow Mine  
  36  4:42  Marine  
  36  4:43  Marauder, Marine  
  42  4:47  Missile Turret  
  42  5:00  Marine x2  
  44  5:09  Marine  
  44  5:10  Supply Depot  
  45  5:18  Marine  
  45  5:20  Medivac x2  
  50  5:21  Marine  
  50  5:27  Marine  
  52  5:33  Supply Depot  
  52  5:36  Concussive Shells  
  47  5:50  Viking  
  45  5:58  SCV  
  44  6:10  SCV  
  43  6:13  Missile Turret  
  40  6:19  Combat Shield  
  37  6:29  Marine x3  
  40  6:42  SCV  
  41  6:47  Marine x3  
  44  6:54  Command Center  
  43  7:04  Medivac  
  43  7:05  Marine x3  
  48  7:15  SCV  
  49  7:23  Marine x3  
  49  7:28  SCV  
  53  7:36  Missile Turret  
  51  7:40  SCV, Marine x2  
  53  7:48  Missile Turret  
  53  7:52  SCV  
  53  7:56  Marine  
  55  7:58  Marine x2  
  57  8:14  Marine  
  57  8:16  Marine  
  57  8:18  SCV, Missile Turret  
  60  8:30  SCV  
  60  8:31  Orbital Command  
  60  8:43  SCV  
  56  9:31  Marine x3  
  44  9:36  SCV  
  37  9:39  SCV  
  38  9:49  Marine x2  
  38  9:51  SCV  
  41  10:01  SCV  
  41  10:04  SCV  
  41  10:05  Missile Turret  
  43  10:11  Barracks  
  43  10:14  SCV, Medivac x2  
  46  10:16  SCV  
  46  10:18  Marine  
  50  10:26  Marine x2  
  52  10:28  SCV  
  52  10:29  SCV  
  52  10:34  Refinery  
  54  10:36  Marine  
  54  10:37  Refinery  
  54  10:40  SCV  
  54  10:41  SCV  
  57  10:44  Marine x2  
  59  10:50  Medivac  
  59  10:53  SCV x2, Marine  
  64  11:02  Marine x2  
  66  11:05  SCV x2  
  66  11:11  Barracks Reactor, Marine  
  68  11:17  SCV  
  70  11:20  Marine  
  70  11:24  Marine  
  72  11:27  Medivac  
  72  11:29  SCV, Marine  
  76  11:35  SCV  
  76  11:37  Marine  
  78  11:41  SCV  
  78  11:42  Marine  
  80  11:47  SCV, Marine  
  80  11:53  SCV  
  82  11:55  Marine  
  48  12:26  Marauder, Marine x4  
  48  12:44  Marine  
  44  12:49  Factory Tech Lab  
  37  12:53  Marine  
Tags
 
Add a new tag
Caveats
  • Supply blocks, unpowered buildings, or Contaminate may cause inaccurate times.
  • Supply counts are checked every 10 seconds.